Map: Acropolis LE

Players

soO

  • Race: Zerg Zerg
  • Spawn Location: 11:00

Serral - Winner!

  • Race: Zerg Zerg
  • League: Grandmaster
  • Spawn Location: 5:00

Event: HomeStory Cup XIX

VOD

Have the link to the VOD?

Description

Time

  • Played on: June 29, 2019, 8:23 a.m.
  • Length: 13:04

All games in this series

Show
View Real Time Build Order
Export as new Build Order

soO Zerg 

Build Orders: Hatch First 

Get SALT Encoding   

  12  0:00  Drone  
  13  0:12  Overlord  
  13  0:17  Drone  
  14  0:30  Drone x2  
  16  0:48  Hatchery  
  15  0:51  Drone  
  15  0:54  Drone  
  17  0:57  Drone  
  18  1:08  Extractor  
  17  1:12  Spawning Pool  
  17  1:15  Drone  
  17  1:19  Drone  
  18  1:30  Drone  
  19  1:41  Drone  
  20  1:51  Overlord  
  20  1:59  Queen  
  20  2:00  Drone, Queen  
  20  2:01  Drone  
  26  2:08  Metabolic Boost  
  26  2:10  Drone x2  
  28  2:21  Zergling x2  
  28  2:22  Drone  
  30  2:32  Hatchery  
  30  2:35  Drone  
  30  2:38  Drone  
  30  2:44  Baneling Nest  
  30  2:47  Zergling x2  
  30  2:49  Overlord  
  31  2:54  Drone x2  
  33  3:08  Drone x2  
  33  3:10  Drone, Queen  
  33  3:11  Zergling x4  
  40  3:20  Zergling x6  
  40  3:22  Overlord  
  43  3:27  Baneling x2  
  43  3:32  Zergling x2  
  44  3:41  Drone  
  44  3:42  Drone  
  44  3:43  Baneling, Evolution Chamber  
  44  3:44  Drone x2  
  44  3:45  Drone  
  44  3:47  Drone  
  49  3:50  Drone  
  49  3:53  Drone  
  49  3:54  Drone  
  52  3:56  Drone  
  52  4:00  Drone, Overlord  
  52  4:01  Overlord  
  54  4:05  Drone  
  54  4:08  Drone  
  56  4:10  Zerg Missile Weapons Level 1  
  56  4:14  Roach Warren  
  55  4:20  Drone  
  55  4:22  Drone x3  
  59  4:24  Drone, Extractor  
  59  4:25  Extractor  
  59  4:29  Drone  
  59  4:30  Drone x2  
  61  4:33  Lair  
  61  4:35  Drone x2  
  61  4:36  Drone x2  
  61  4:38  Drone x2  
  66  4:48  Drone x2  
  66  4:51  Drone  
  66  4:52  Overlord  
  69  4:56  Drone x4  
  73  5:00  Overlord  
  73  5:01  Extractor x2  
  73  5:04  Overlord  
  73  5:06  Drone x2, Overlord  
  73  5:10  Overlord  
  73  5:13  Drone  
  73  5:14  Drone  
  75  5:15  Roach  
  75  5:16  Roach  
  79  5:21  Roach  
  79  5:28  Drone x2  
  83  5:30  Roach x3  
  83  5:31  Glial Reconstitution  
  83  5:35  Roach x3  
  95  5:38  Hatchery  
  94  5:43  Roach x2  
  94  5:48  Roach x2  
  101  5:50  Overlord  
  101  5:53  Roach  
  101  5:56  Roach  
  101  5:57  Roach  
  105  6:08  Roach x5  
  114  6:11  Roach x2  
  114  6:12  Roach  
  114  6:13  Overlord  
  114  6:14  Overlord  
  120  6:18  Overlord  
  120  6:19  Overlord  
  120  6:25  Overlord  
  120  6:29  Zerg Missile Weapons Level 2  
  120  6:32  Ravager  
  121  6:33  Roach x5  
  121  6:36  Roach x4  
  121  6:38  Overseer  
  121  6:39  Overseer  
  137  6:50  Drone x2  
  137  6:51  Drone, Extractor  
  137  6:53  Queen, Overlord  
  141  6:55  Roach x4  
  141  6:57  Roach  
  141  7:00  Overlord  
  151  7:02  Ravager  
  151  7:03  Ravager x2  
  154  7:13  Roach x7  
  168  7:17  Overlord  
  168  7:23  Roach x5  
  178  7:31  Overlord  
  178  7:34  Roach x4  
  184  7:42  Overlord  
  184  7:48  Roach x4  
  184  7:49  Overlord  
  190  7:54  Roach x5  
  200  8:02  Roach  
  199  8:15  Tunneling Claws  
  199  8:16  Burrow  
  199  8:42  Ravager  
  196  8:49  Roach x2  
  196  8:58  Roach x3  
  197  9:12  Roach  
  199  9:29  Roach  
  199  9:30  Roach x3  
  199  9:31  Roach x5  
  197  9:33  Roach x5  
  197  9:35  Roach  
  197  9:36  Roach x5  
  197  9:38  Roach x5  
  191  9:39  Roach x6  
  191  9:41  Roach  
  191  9:42  Roach x2  
  191  9:43  Roach  
  185  9:49  Roach  
  185  9:52  Roach  
  178  9:55  Roach  
  178  9:56  Roach x2  
  178  9:59  Roach x8  
  189  10:02  Roach  
  189  10:03  Roach  
  179  10:07  Roach  
  179  10:08  Roach  
  179  10:11  Roach x2  
  169  10:17  Roach  
  161  10:23  Roach x8  
  171  10:29  Ravager  
  171  10:30  Ravager  
  171  10:31  Ravager x4  
  171  10:32  Ravager  
  171  10:34  Roach x4  
  186  10:42  Roach x3  
  192  10:47  Roach  
  192  10:48  Roach x3  
  200  11:01  Roach x3  
  200  11:03  Roach x2  
  186  11:04  Roach  
  186  11:05  Roach x6  
  186  11:08  Roach  
  183  11:11  Roach x2  
  183  11:16  Roach  
  183  11:17  Roach x2  
  176  11:23  Roach x3  
  180  11:35  Roach x5  
  190  11:42  Roach  
  190  11:43  Roach x2  
  190  11:44  Ravager  
  195  11:48  Ravager x2  
  195  11:53  Roach x2  
  200  11:58  Roach x2  
  199  12:03  Roach x2  
  178  12:08  Roach  
  178  12:09  Roach x4  
  178  12:11  Roach x2  
  178  12:14  Roach  
  178  12:15  Roach  
  156  12:17  Roach  
  126  12:23  Roach x2  
  126  12:26  Roach  
  126  12:29  Roach x3  
  126  12:30  Roach  
  126  12:32  Roach  
  126  12:36  Ravager x3  
  129  12:39  Roach x2  
  129  12:41  Roach x2  
  129  12:44  Roach x2  
  131  12:52  Ravager x2  
  131  12:53  Ravager  
Show
View Real Time Build Order
Export as new Build Order

Serral Zerg - Winner!

Build Orders: Hatch First 

Get SALT Encoding   

  12  0:00  Drone  
  13  0:12  Overlord  
  13  0:17  Drone  
  14  0:30  Drone x2  
  16  0:47  Hatchery  
  15  0:50  Drone  
  15  0:54  Drone  
  17  0:57  Drone  
  18  1:08  Extractor  
  17  1:12  Spawning Pool  
  17  1:16  Drone  
  17  1:19  Drone  
  18  1:27  Drone  
  19  1:38  Drone  
  20  1:49  Drone  
  21  1:59  Queen x2, Overlord  
  21  2:00  Zergling x2  
  26  2:08  Metabolic Boost  
  26  2:10  Drone  
  26  2:11  Drone  
  28  2:20  Drone  
  28  2:21  Drone  
  30  2:32  Hatchery  
  30  2:35  Drone  
  30  2:38  Drone  
  30  2:42  Baneling Nest  
  30  2:49  Overlord  
  31  2:51  Zergling x2  
  31  2:55  Zergling x4  
  33  3:04  Drone x2  
  35  3:06  Drone  
  35  3:08  Drone x2  
  35  3:09  Drone  
  35  3:10  Zergling x2  
  40  3:16  Overlord  
  40  3:19  Zergling x2  
  41  3:20  Drone  
  41  3:26  Baneling  
  43  3:27  Drone  
  43  3:32  Queen  
  43  3:33  Evolution Chamber  
  44  3:35  Drone  
  44  3:39  Drone x3  
  48  3:43  Overlord  
  48  3:46  Drone  
  48  3:48  Drone  
  50  3:51  Baneling, Drone x2  
  52  3:57  Zergling x4  
  52  3:58  Overlord  
  53  4:03  Zerg Missile Weapons Level 1  
  53  4:04  Drone  
  53  4:07  Drone x2  
  56  4:11  Drone x3  
  56  4:15  Baneling  
  59  4:20  Overlord  
  59  4:23  Roach Warren  
  59  4:24  Zergling x2  
  59  4:25  Drone x2  
  59  4:26  Drone  
  59  4:31  Extractor x2  
  61  4:32  Lair  
  61  4:33  Drone  
  61  4:34  Drone  
  62  4:39  Drone x3  
  62  4:41  Overlord  
  62  4:44  Drone x2  
  67  4:46  Drone x2  
  67  4:47  Drone  
  67  4:48  Drone  
  67  4:50  Drone x2  
  72  4:52  Baneling  
  72  4:53  Baneling  
  72  4:58  Zergling x6  
  75  5:11  Extractor x2  
  75  5:12  Drone x2, Extractor  
  74  5:14  Overlord  
  74  5:22  Drone x3  
  74  5:23  Drone x4  
  74  5:24  Drone x3  
  86  5:28  Drone x3  
  86  5:30  Evolution Chamber  
  86  5:35  Overlord  
  86  5:37  Overseer  
  86  5:39  Pneumatized Carapace  
  86  5:41  Hatchery  
  87  5:43  Roach x4  
  87  5:48  Roach x2  
  97  5:56  Roach x3  
  103  5:58  Zerg Missile Weapons Level 2  
  103  6:02  Zerg Ground Armor Level 1  
  102  6:04  Overlord  
  102  6:08  Roach x2  
  102  6:09  Overlord  
  102  6:11  Overlord x3  
  105  6:12  Glial Reconstitution  
  105  6:14  Overlord  
  105  6:31  Overlord  
  105  6:36  Roach x4  
  105  6:37  Roach x6  
  123  6:41  Overseer  
  123  6:44  Overlord  
  123  6:45  Roach x5  
  133  6:57  Roach x4  
  133  6:59  Ravager x4  
  144  7:02  Queen  
  144  7:05  Roach x5  
  144  7:06  Overlord  
  144  7:07  Overlord  
  155  7:19  Roach x4  
  155  7:20  Roach x4  
  171  7:26  Overlord x2  
  171  7:28  Roach x3  
  177  7:31  Overlord  
  177  7:32  Overlord  
  177  7:42  Roach x3  
  181  7:52  Roach x9  
  191  8:01  Roach x4  
  199  8:09  Roach  
  199  8:10  Overlord  
  199  8:11  Overseer  
  199  8:12  Tunneling Claws  
  199  8:13  Burrow  
  199  8:15  Ravager  
  199  8:17  Extractor  
  199  8:38  Zerg Ground Armor Level 2  
  200  8:41  Ravager  
  194  8:57  Roach x3  
  200  9:16  Infestation Pit  
  199  9:19  Hydralisk Den  
  198  9:30  Roach x8  
  198  9:36  Roach x15  
  190  9:39  Roach x6  
  190  9:42  Roach x7  
  184  9:47  Roach  
  184  9:49  Overseer  
  184  9:52  Roach x6  
  189  9:53  Roach x3  
  189  9:56  Roach  
  189  9:57  Roach  
  186  10:01  Roach  
  184  10:07  Roach x3  
  184  10:08  Overseer  
  184  10:12  Roach x2  
  178  10:16  Roach x3  
  178  10:19  Roach x4  
  176  10:22  Roach x7  
  180  10:35  Roach x5  
  190  10:37  Ravager  
  190  10:38  Ravager  
  192  10:49  Hive, Spine Crawler  
  191  10:52  Spine Crawler  
  178  11:04  Roach x11  
  178  11:10  Roach x3  
  198  11:18  Roach x6  
  194  11:20  Ravager  
  194  11:23  Ravager, Roach x3  
  196  11:38  Roach x3  
  196  11:46  Roach x12  
  196  11:47  Ravager  
  196  11:50  Hatchery, Roach  
  198  12:00  Roach  
  198  12:07  Roach x2  
  198  12:08  Roach x7  
  196  12:10  Roach  
  196  12:11  Roach x12  
  196  12:15  Roach x3  
  186  12:20  Roach x2  
  174  12:28  Roach x5  
Tags
 
Add a new tag
Caveats
  • Supply blocks, unpowered buildings, or Contaminate may cause inaccurate times.
  • Supply counts are checked every 10 seconds.